 Dungeon Crawl Stone Soup version 0.20.1-1-g8b1a95d (webtiles) character file.

337 Kingsmith the Magician (level 6, -3/36 HPs)
             Began as an Octopode Venom Mage on Dec 10, 2017.
             Slain by an ogre
             ... wielding a +0 giant spiked club
              (27 damage)
             ... on level 5 of the Dungeon.
             The game lasted 00:07:50 (4267 turns).

Kingsmith the Magician (Octopode Venom Mage)        Turns: 4267, Time: 00:07:51

Health: -3/36      AC:  2    Str:  9    XL:     6   Next: 54%
Magic:  2/15       EV: 13    Int: 20    God:
Gold:   166        SH:  0    Dex: 12    Spells: 6/17 levels left

rFire    . . .     SeeInvis .   e - +1 dagger (speed)
rCold    . . .     Gourm    +   (no shield)
rNeg     . . .     Faith    .   (helmet restricted)
rPois    .         Spirit   .   p - amulet of the gourmand
rElec    .         Reflect  .   h - +2 ring of strength
rCorr    .         Harm     .   m - +1 ring of protection
MR       .....                  l - ring of wizardry (curse)
Stlth    +++.......             (no ring)
Regen    0.2/turn               (no ring)
MPRegen  0.2/turn               (no ring)
                                (no ring)
                                (no ring)

@: no status effects
A: almost no armour, stealthy swim, amphibious, 8 rings, constrict 8, camouflage
1, gelatinous body 1
a: no special abilities


You were on level 5 of the Dungeon.
You were very full.

You visited 1 branch of the dungeon, and saw 5 of its levels.

You collected 166 gold pieces.

Inventory:

Hand Weapons
 e - a +1 dagger of speed (weapon)
Jewellery
 h - a +2 ring of strength (left tentacle)
 l - a cursed ring of wizardry (on tentacle)
 m - a +1 ring of protection (right tentacle)
 p - an amulet of the gourmand (around mantle)
 w - a +2 ring of intelligence {unknown}
 C - an uncursed ring of flight {unknown}
Wands
 y - a wand of iceblast (8/15)
Scrolls
 d - 8 scrolls of identify {unknown}
 f - a scroll of immolation {unknown}
 i - a scroll of remove curse {unknown}
 j - 2 scrolls of fog {unknown}
 n - 2 scrolls of recharging {unknown}
 s - a scroll of noise {unknown}
 t - a scroll of teleportation {unknown}
Potions
 g - 2 potions of heal wounds {unknown}
 k - 4 potions of curing {unknown}
 o - 4 potions of lignification
 q - a potion of mutation {unknown}
 u - a potion of flight {unknown}
 v - a potion of might {unknown}
 x - a potion of ambrosia {unknown}
 z - a potion of agility {unknown}
 A - a potion of cancellation {unknown}
Books
 a - a Young Poisoner's Handbook

   Spells                             Type                      Level
   a - Sting                          Conjuration/Poison           1
   b - Poisonous Vapours              Poison/Air                   2
   c - Mephitic Cloud                 Conjuration/Poison/Air       3
   d - Olgreb's Toxic Radiance        Poison                       4
   e - Venom Bolt                     Conjuration/Poison           5
Comestibles
 b - 3 bread rations
 c - a meat ration
 r - 3 fruits
 B - a royal jelly


   Skills:
 - Level 2.0 Dodging
 - Level 2.6 Stealth
 + Level 6.2 Spellcasting
 - Level 1.0 Conjurations
 - Level 3.6 Poison Magic


You had 6 spell levels left.
You knew the following spells:

 Your Spells              Type           Power        Failure   Level  Hunger
a - Sting                 Conj/Pois      ###.         1%          1    None
b - Poisonous Vapours     Pois/Air       ##....       3%          2    None
c - Mephitic Cloud        Conj/Pois/Air  ##......     6%          3    ##.....
d - Venom Bolt            Conj/Pois      ###.......   38%         5    #####..


Dungeon Overview and Level Annotations

Branches:
Dungeon (5/15)
 Temple: D:4-7

Altars:
Kikubaaqudgha

Annotations:
D:4 schauveau's ghost, amateur GrEE


Innate Abilities, Weirdness & Mutations

You cannot wear most types of armour.
You are very stealthy in the water. (Stealth+)
You are amphibious.
You can wear up to eight rings at the same time.
You can use your tentacles to constrict eight enemies at once.
Your skin changes colour to match your surroundings (Stealth+).
Your rubbery body absorbs attacks. (AC +1, EV +1)


Message History

Press: ? - help, Dir - move target cursor, f/p - ogre
Aim: an ogre, wielding a giant spiked club (lightly wounded, poisoned) Poisonous vapours surround the ogre!
Casting: Poisonous Vapours
Confirm with . or Enter, or press ? or * to list all spells.
Aiming: Poisonous Vapours
Press: ? - help, Dir - move target cursor, f/p - ogre
Aim: an ogre, wielding a giant spiked club (lightly wounded, poisoned) Poisonous vapours surround the ogre!
The ogre is engulfed in poison gas.
The ogre looks even sicker.
The ogre hits you with a giant spiked club!
Casting: Poisonous Vapours
Confirm with . or Enter, or press ? or * to list all spells.
Aiming: Poisonous Vapours
Press: ? - help, Dir - move target cursor, f/p - ogre
Aim: an ogre, wielding a giant spiked club (heavily wounded, poisoned) Poisonous vapours surround the ogre!
The ogre looks even sicker.
The ogre hits you with a giant spiked club!!
Ouch! That really hurt!
You die...

#.#)# #........#
#.#.####......#..
#.#...........#.#.
##########.#.#####..
#..........##...#
#..........##.#.###
#..........##.#...
#######'#...#O#.##.#
#.#.#..@.....#
#.#.###.###..#
#.#.......# # +#
#.#.....#.# ...
#.......#.# ....
#.#.###.#.##†....
#.#.# #.......#
###.# #.#<.###.. #..
#+#.......#


You could see an ogre.

Vanquished Creatures
  An ogre (D:5)
  A worker ant (D:5)
  16 adders
  An adder skeleton (D:4)
  A worm (D:2)
  2 dart slugs
  2 leopard geckos
  2 orcs
  8 bats
  A giant cockroach (D:1)
  4 goblins
  6 hobgoblins
  8 jackals (D:1)
  6 kobolds
  2 quokkas
  5 ball pythons
  A frilled lizard (D:2)
  6 rats
73 creatures vanquished.

Notes
Turn   | Place    | Note
-------+----------+-------------------------------------------
     0 | D:1      | Kingsmith the Octopode Venom Mage began the quest for the Orb.
     0 | D:1      | Reached XP level 1. HP: 11/11 MP: 3/3
   167 | D:1      | Reached XP level 2. HP: 15/17 MP: 5/5
   304 | D:1      | You fall through a shaft!
   323 | D:2      | Reached skill level 3 in Spellcasting
   693 | D:1      | Reached XP level 3. HP: 21/21 MP: 7/7
  1567 | D:2      | Reached XP level 4. HP: 22/27 MP: 9/9
  1598 | D:2      | Reached skill level 4 in Spellcasting
  1651 | D:2      | Learned a level 2 spell: Poisonous Vapours
  2163 | D:3      | Reached XP level 5. HP: 23/31 MP: 11/11
  2592 | D:3      | Reached skill level 5 in Spellcasting
  3545 | D:4      | Found an ancient bone altar of Kikubaaqudgha.
  3709 | D:4      | Noticed schauveau's ghost (amateur GrEE)
  3745 | D:4      | Learned a level 3 spell: Mephitic Cloud
  3751 | D:4      | Learned a level 5 spell: Venom Bolt
  4086 | D:5      | Entered Level 5 of the Dungeon
  4090 | D:5      | Reached XP level 6. HP: 36/36 MP: 4/14
  4257 | D:5      | Reached skill level 6 in Spellcasting
  4267 | D:5      | Slain by an ogre

Skill      XL: |  1  2  3  4  5  6 |
---------------+-------------------+-----
Spellcasting   | 3 4 5 6 |  6.2
Dodging        | |  2.0
Stealth        | |  2.6
Conjurations   | |  1.0
Poison Magic   | |  3.6

Action                   |  1- 3 |  4- 6 || total
-------------------------+-------+-------++-------
Melee: Unarmed           |    14 |       ||    14
       Dagger            |    88 |   104 ||   192
       Constrict         |    24 |    25 ||    49
       Tentacles         |     8 |    18 ||    26
 Cast: Poisonous Vapours |       |    21 ||    21
  Use: Potion            |     1 |       ||     1
 Stab: Sleeping          |    12 |    12 ||    24
  Eat: Chunk             |     2 |    20 ||    22
Armor: Skin              |    12 |    11 ||    23
Dodge: Dodged            |    47 |    46 ||    93
